 Dungeon Crawl Stone Soup version 0.28.0 (webtiles) character file.

Game seed: 8040343350145444541

1778 GrayStillPlays the Shield-Bearer (level 9, 0/48 HPs)
             Began as a Vine Stalker Fighter on Feb 12, 2022.
             Was an Initiate of the Shining One.
             Slain by a hornet (2 damage)
             ... on level 6 of the Dungeon.
             The game lasted 00:06:26 (4343 turns).

GrayStillPlays the Shield-Bearer (VSFi)             Turns: 4343, Time: 00:06:27

Health: 0/48       AC:  7    Str: 24    XL:     9   Next: 8%
Magic:  0/10       EV: 10    Int: 14    God:    the Shining One [......]
Gold:   255        SH: 14    Dex: 13    Spells: 8/8 levels left

rFire   . . .      SeeInvis .   a - +0 war axe {axe}
rCold   . . .      Faith    .   G - +0 tower shield
rNeg    . . .      Spirit   +   b - +0 scale mail
rPois   .          Reflect  .   (no helmet)
rElec   .          Harm     .   (no cloak)
rCorr   .          Rampage  .   (no gloves)
Will    +....                   (no boots)
Stlth   ..........              (no amulet)
HPRegen 0.96/turn               h - +4 ring of evasion
MPRegen 0.12/turn               j - +6 ring of intelligence

@: mighty, lethally poisoned (0 -> -6), slowed, glowing, very slow
A: fangs 3, regeneration 1, magic shield, antimagic bite, no potion heal 2
a: Renounce Religion


You were on level 6 of the Dungeon.
You worshipped the Shining One.
The Shining One was noncommittal.
You visited 2 branches of the dungeon, and saw 7 of its levels.

You collected 255 gold pieces.


Innate Abilities, Weirdness & Mutations

You have razor-sharp teeth.
Your natural rate of healing is unusually fast.
When hurt, damage is shared between your health and your magic reserves.
Your bite disrupts and absorbs the magic of your enemies.
Potions cannot restore your health.


   Skills:
 + Level 5.8 Fighting
 + Level 5.4 Axes
 + Level 5.3 Armour
 + Level 5.8 Shields


You had 8 spell levels left.
You didn't know any spells.
Your spell library contained the following spells:

 Spells                   Type           Power      Damage    Failure   Level
 Freeze                   Ice            0%         1d3       100%        1
 Passwall                 Tmut/Erth      0%         N/A       100%        2
 Confusing Touch          Hex            0%         N/A       100%        3
 Frozen Ramparts          Ice            0%         1d2       100%        3
 Stone Arrow              Conj/Erth      0%         3d7       100%        3
 Hailstorm                Conj/Ice       0%         3d3       100%        4
 Yara's Violent Unravell  Hex/Tmut       0%         3d3       100%        5

Inventory:

Hand Weapons
 a - a +0 war axe (weapon) {axe}
 i - a +2 dagger of electrocution {short}
   (You found it on level 1 of the Dungeon)
 n - a +3 spear {polearm}
   (You found it on level 3 of the Dungeon)
 s - a +2 whip of freezing {mace}
   (You took it off Pikel on level 4 of the Dungeon)
 v - the +4 hunting sling of Doom {flame, rN+, sling}
   (You found it on level 4 of the Dungeon)

   Any ammunition fired from it burns those it strikes, dealing additional fire
   damage.
   rN:        It protects you from negative energy.
 C - a +1 mace of holy wrath {mace}
   (You took it off an orc on level 5 of the Dungeon)
 E - a +2 falchion of venom {long}
   (You took it off an orc on level 6 of the Dungeon)
 H - a +0 dagger of venom {short}
   (You took it off Dowan on level 6 of the Dungeon)
Missiles
 f - 59 sling bullets
 o - 15 poisoned darts (quivered) {throwing}
 q - 72 arrows
 r - 134 stones {throwing}
 D - 5 boomerangs {throwing}
Armour
 b - a +0 scale mail (worn)
 c - a +0 buckler
 B - an orb of light
   (You found it on level 5 of the Dungeon)
 G - a +0 tower shield (worn)
   (You found it on level 6 of the Dungeon)
Magical Staves
 y - a staff of conjuration {!a@e2staff}
   (You found it on level 5 of the Dungeon)
Jewellery
 h - a +4 ring of evasion (left hand)
   (You found it on level 1 of the Dungeon)
 j - a +6 ring of intelligence (right hand)
   (You found it on level 1 of the Dungeon)
 u - a ring of protection from cold
   (You found it on level 4 of the Dungeon)
Wands
 l - a wand of mindburst (18)
   (You found it on level 3 of the Dungeon)
 p - a wand of iceblast (6)
   (You took it off Ijyb on level 3 of the Dungeon)
Scrolls
 e - a scroll of noise {unknown}
 m - 4 scrolls of identify {unknown}
 w - a scroll of magic mapping {unknown}
 F - a scroll of teleportation {unknown}
Potions
 d - a potion of might
 g - 5 potions of curing {unknown}
 k - 2 potions of lignification {unknown}
 t - a potion of magic {unknown}
 x - a potion of haste {unknown}
 z - a potion of mutation {unknown}
 A - 2 potions of brilliance {unknown}

Dungeon Overview and Level Annotations

Branches:
Dungeon (6/15)             Temple (1/1) D:5

Altars:
Elyvilon
Fedhas
Gozag
Hepliaklqana
Kikubaaqudgha
Makhleb
Nemelex Xobeh
Okawaru
Qazlal
Ru
Sif Muna
Trog
Uskayaw
Vehumet
Wu Jian
Xom
Yredelemnul
Zin
The Shining One

Shops:
D:2

* #.....
#..#.. ##
#.....# #.####
#...#..#.###.#
#.#
#....#..##..##
#.#
#.........###
#.#
..#...#z###
#.# ####.#y#
#.# #.#@# #.#.
#.#.# #.#.
#.#.# ##.#.##
#.#.# ...#..#
#.#.#####
.#.##.#
#.#.....#
.#.##.#
#####.#
....#.########
#.#
..............
#.#


You could see a hornet and a wight.


Message History

😎 HP[+2] MP[+1]
Your hp is fully restored (48).
Your mp is fully restored (10).
A hornet comes into view.
The hornet buzzes angrily.
You block the hornet's attack.
You hit the hornet but do no damage. Your bite misses the hornet.
The hornet stings you but does no damage.
An ufetubus comes into view.
The hornet stings you!
You are poisoned.
You feel yourself slow down.
The ufetubus shouts! 😕 HP[-6] MP[-1]
You take 6 damage, and now have 42/48 hp.
You lost 1 mp, and now have 9/10 mp.
You hit the hornet. You bite the hornet, but do no damage.
You hit the ufetubus but do no damage.
You feel yourself speed up.
You feel very sick. The hornet completely misses you.
The ufetubus hits you but does no damage.
You block the ufetubus's attack. You block the hornet's attack.
The ufetubus hits you. The ufetubus closely misses you.
You block the hornet's attack. The ufetubus barely misses you.
You block the ufetubus's attack.
The hornet stings you but does no damage.
The ufetubus barely misses you. x2 😕 HP[-4]
You take 4 damage, and now have 38/48 hp.
You hit the hornet but do no damage. You bite the hornet. You drain its power.
You feel invigorated.
You hit the ufetubus but do no damage.
You feel sick. You block the hornet's attack. The ufetubus closely misses you.
You block the ufetubus's attack. You block the hornet's attack.
The ufetubus hits you but does no damage. x2 😕 MP[+1]
Your mp is fully restored (10).
You closely miss the hornet. You bite the hornet, but do no damage.
You hit the ufetubus.
You feel sick. The hornet barely misses you. The ufetubus barely misses you.
You block the ufetubus's attack.
A wight comes into view.
It is wielding a +5 great sword of freezing.
The hornet stings you.
You are more poisoned.
You feel yourself slow down.
The ufetubus hits you but does no damage. x2 😕 HP[-1]
You take 1 damage, and now have 37/48 hp.
You closely miss the hornet. Your bite misses the hornet.
You closely miss the ufetubus.
You feel yourself speed up.
You feel very sick.
The hornet stings you but does no damage.
The ufetubus hits you but does no damage.
You block the ufetubus's attack. You block the hornet's attack.
The ufetubus closely misses you. The ufetubus completely misses you.
You block the hornet's attack. The ufetubus hits you. The ufetubus misses you.
The hornet stings you!
You feel yourself slow down. The ufetubus misses you.
You block the ufetubus's attack.
The wight barely misses you. 😮 HP[-12] MP[-2]
You take 12 damage, and now have 25/48 hp.
MASSIVE DAMAGE!! (PAUSE)
You lost 2 mp, and now have 8/10 mp.
You feel sick. The hornet stings you.
* * * LOW HITPOINT WARNING * * *
You feel as though you will be slow longer.
The wight barely misses you.
The hornet stings you but does no damage. 😨 HP[-2] MP[-1]
You take 2 damage, and now have 23/48 hp.
You lost 1 mp, and now have 7/10 mp.
You feel sick. You block the hornet's attack.
You block the wight's attack. 😨 HP[-1]
You take 1 damage, and now have 22/48 hp.
You feel sick. You block the hornet's attack. 😨 HP[+1]
You feel sick.
You are no longer poisoned.
You block the hornet's attack. The hornet stings you.
* * * LOW HITPOINT WARNING * * *
You are poisoned.
You feel as though you will be slow longer.
There is an escape hatch in the ceiling here. 😨 HP[-5]
You take 5 damage, and now have 18/48 hp.
You barely miss the hornet.
You feel extremely sick.
The hornet completely misses you. x2; The hornet stings you!
* * * LOW HITPOINT WARNING * * *
You are lethally poisoned!
You feel as though you will be slow longer. 😱 HP[-12] MP[-4]
You take 12 damage, and now have 6/48 hp.
MASSIVE DAMAGE!! (PAUSE)
You lost 4 mp, and now have 3/10 mp.
You feel very mighty all of a sudden.
* * * LOW HITPOINT WARNING * * *
You feel very sick. The hornet stings you.
You die...

Skill      XL: |  1  2  3  4  5  6  7  8 |
---------------+-------------------------+-----
Axes           | 2 3 4 5 |  5.4
Fighting       | 3 4 5 |  5.8
Shields        | 3 4 5 |  5.8
Armour         | 3 4 5 |  5.3

Action                   |  1- 3 |  4- 6 |  7- 9 || total
-------------------------+-------+-------+-------++-------
Melee: War axe           |    73 |    85 |   174 ||   332
       Bite              |     9 |    18 |    65 ||    92
Throw: Dart              |       |       |     5 ||     5
Evoke: Wand              |       |       |     2 ||     2
  Use: Potion            |       |       |     1 ||     1
Armor: Scale mail        |    49 |    16 |    54 ||   119
Dodge: Dodged            |    53 |    53 |   124 ||   230
Block: Buckler           |    23 |    30 |    38 ||    91
       Tower shield      |       |       |    49 ||    49

Levels and vault maps discovered:
D:1:      grunt_arrival_lava_bath, layout_rooms,
          hellmonk_ecumenical_altar_crossroads
D:2:      layout_rooms, serial_shops, shop
D:3:      gammafunk_wand_slinger, layout_loops_ring, uniq_ijyb
D:4:      layout_loops_ring, mainiacjoe_overflow_alcove_2,
          kennysheep_little_box, uniq_pikel
D:5:      layout_loops_corners, overflow_temple_1_default,
          minmay_temple_entry_poolview, uniq_prince_ribbit1
D:6:      layout_loops_ring, minmay_increasing_density, uniq_duvessa,
          uniq_edmund
Temple:   lightli_temple_of_artemis

Notes
Turn   | Place    | Note
-------+----------+-------------------------------------------
     0 | D:1      | GrayStillPlays the Vine Stalker Fighter began the quest for
                  | the Orb.
     0 | D:1      | Reached XP level 1. HP: 11/11 MP: 2/2
     0 | D:1      | magus.rc [v1.9.6]
    50 | D:1      | HP: 2/11 [jackal (1)]
    54 | D:1      | Reached skill level 2 in Axes
    54 | D:1      | Reached XP level 2. HP: 4/16 MP: 0/3
   500 | D:1      | Reached skill level 3 in Fighting
   554 | D:1      | Reached skill level 3 in Shields
   554 | D:1      | Reached XP level 3. HP: 20/20 MP: 4/4
   555 | D:1      | Found a faded altar of an unknown god.
   873 | D:2      | You fall into a shaft and drop 1 floor!
   886 | D:3      | Gained mutation: Your natural rate of healing is unusually
                  | fast. [Vine Stalker growth]
   886 | D:3      | Reached XP level 4. HP: 23/24 MP: 5/5
   898 | D:3      | Reached skill level 3 in Armour
   971 | D:3      | Found a transporter.
  1012 | D:3      | Found a transporter.
  1506 | D:3      | Noticed Ijyb
  1518 | D:3      | Killed Ijyb
  1519 | D:3      | Reached XP level 5. HP: 28/28 MP: 4/6
  1839 | D:2      | Found Wofoazuge's Assorted Antiques.
  1861 | D:2      | You add the spells Passwall, Stone Arrow, Confusing Touch
                  | and Yara's Violent Unravelling to your library.
  1861 | D:2      | Got the Handbook of the Bewitching Rocks
  2033 | D:4      | Noticed Pikel
  2033 | D:4      | Noticed a lemure
  2033 | D:4      | Noticed a lemure
  2033 | D:4      | Noticed a lemure
  2036 | D:4      | Noticed a lemure
  2049 | D:4      | Killed Pikel
  2050 | D:4      | Reached skill level 4 in Fighting
  2050 | D:4      | Reached skill level 3 in Axes
  2050 | D:4      | Reached skill level 4 in Armour
  2050 | D:4      | Reached skill level 4 in Shields
  2050 | D:4      | Reached XP level 6. HP: 30/34 MP: 7/7
  2050 | D:4      | Reached XP level 7. HP: 33/38 MP: 8/8
  2238 | D:4      | Found a basalt altar of Yredelemnul.
  2337 | D:4      | Identified the +4 hunting sling of Doom {flame, rN+}
  2349 | D:4      | You pick up a book of Frost and begin reading...
  2349 | D:4      | You add the spells Freeze, Frozen Ramparts and Hailstorm to
                  | your library.
  2418 | D:4      | Found a bloodstained altar of Trog.
  2543 | D:4      | Reached skill level 4 in Axes
  2892 | D:5      | Entered Level 5 of the Dungeon
  3313 | D:5      | Gained mutation: You have razor-sharp teeth. [Vine Stalker
                  | growth]
  3313 | D:5      | Reached XP level 8. HP: 29/42 MP: 7/9
  3442 | D:5      | Noticed Prince Ribbit
  3450 | D:5      | Killed Prince Ribbit
  3451 | D:5      | Reached skill level 5 in Fighting
  3451 | D:5      | Reached skill level 5 in Shields
  3480 | D:5      | HP: 7/43 [gnoll sergeant (10)]
  3586 | D:5      | Found a white marble altar of Elyvilon.
  3615 | D:5      | Found a staircase to the Ecumenical Temple.
  3644 | Temple   | Entered the Ecumenical Temple
  3669 | Temple   | Became a worshipper of the Shining One
  4006 | D:6      | Reached skill level 5 in Axes
  4006 | D:6      | Reached skill level 5 in Armour
  4252 | D:6      | Noticed Dowan
  4253 | D:6      | Noticed Duvessa
  4267 | D:6      | Killed Duvessa
  4268 | D:6      | Reached XP level 9. HP: 35/48 MP: 10/10
  4269 | D:6      | Killed Dowan
  4332 | D:6      | Noticed a hornet
  4342 | D:6      | HP: 6/48 [hornet (7)]
  4343 | D:6      | HP: 2/48 [poisoned by a hornet]
  4343 | D:6      | Slain by a hornet

Vanquished Creatures
  Pikel (D:4)
  Prince Ribbit (D:5)
  Duvessa (D:6)
  A hornet zombie (D:6)
  A black bear (D:5)
  A necrophage (D:6)
  An ogre (D:5)
  A gnoll sergeant (D:5)
  Dowan (D:6)
  2 jellies (D:5)
  2 bullfrog zombies
  2 centaur skeletons
  2 bullfrog skeletons
  Ijyb (D:3)
  3 orc wizards
  A hound skeleton (D:4)
  A howler monkey zombie (D:6)
  7 gnolls
  4 adders
  2 ufetubi
  2 worms (D:2)
  2 dart slugs
  7 orcs
  6 ball pythons
  8 endoplasms
  4 giant cockroaches
  4 goblins
  9 hobgoblins
  4 jackals (D:1)
  5 quokkas
  5 bats
  2 frilled lizards
  9 kobolds
  5 rats
108 creatures vanquished.

Vanquished Creatures (others)
  A plant (D:3)
1 creature vanquished.

Grand Total: 109 creatures vanquished

Table legend:
 A = Non-vault XP
 B = Vault XP
 C = Vault XP percentage of total XP
 D = Non-vault monster count
 E = Vault monster count
 F = Vault count percentage of total count
                 A         B        C        D         E       F
            +---------+---------+-------+---------+---------+-------
      Total |    1339 |    1202 |  47.3 |     101 |       7 |   6.5
            +---------+---------+-------+---------+---------+-------
        D:1 |      44 |       0 |   0.0 |      24 |       0 |   0.0
        D:2 |      42 |       0 |   0.0 |      16 |       0 |   0.0
        D:3 |     111 |      36 |  24.5 |      18 |       1 |   5.3
        D:4 |     110 |     629 |  85.1 |      17 |       1 |   5.6
        D:5 |     633 |     274 |  30.2 |      16 |       1 |   5.9
        D:6 |     399 |     263 |  39.7 |      10 |       4 |  28.6
            +---------+---------+-------+---------+---------+-------

Illustrated notes

Table legend:
 A = Kills in this place as a percentage of kills in entire the game.
 B = Kills by you in this place as a percentage of kills by you in the entire game.
 C = Kills by friends in this place as a percentage of kills by friends in the entire game.
 D = Other kills in this place as a percentage of other kills in the entire game.
 E = Experience gained in this place as a percentage of experience gained in the entire game.
 F = Experience gained in this place divided by the number of levels of this place that you have seen.
                   A       B       C       D       E      F
               +-------+-------+-------+-------+-------+----------------------
         Total | 100.0 | 100.0 |   N/A |   N/A | 100.0 | 363.0
       Dungeon | 100.0 | 100.0 |   N/A |   N/A | 100.0 | 423.5
               +-------+-------+-------+-------+-------+----------------------

Table legend: (Time is in decaauts)
 A = Elapsed time spent in this place.
 B = Non-inter-level travel time spent in this place.
 C = Inter-level travel time spent in this place.
 D = Time resting spent in this place.
 E = Time spent auto-exploring this place.
 F = Levels seen in this place.
 G = Mean time per level.
                   A        B        C        D        E       F      G
               +--------+--------+--------+--------+--------+-----+--------+
         Total |   4481 |   4124 |    357 |      0 |   3133 |   7 |  640.1 |
       Dungeon |   4445 |   4122 |    323 |      0 |   3133 |   6 |  740.8 |
        Temple |     36 |      2 |     34 |      0 |      0 |   1 |   36.0 |
               +--------+--------+--------+--------+--------+-----+--------+

Top non-repeatable levels by time:
     D:5: 1047 daAuts
     D:1: 886 daAuts
     D:4: 880 daAuts
     D:3: 787 daAuts
     D:6: 422 daAuts
     D:2: 421 daAuts
  Temple: 36 daAuts
